 Dungeon Crawl Stone Soup version 0.26-a0-682-g294304f6e8 (webtiles) character file.

Game seed: 8682187520075869786

14647 lunkers the Martial Artist (level 11, -17/103 HPs)
             Began as a White Draconian Transmuter on Oct 20, 2020.
             Was an Initiate of Gozag.
             Shot with an arrow by a centaur warrior (25 damage)
             ... on level 11 of the Dungeon.
             The game lasted 00:25:08 (16267 turns).

lunkers the Martial Artist (DrTm)                  Turns: 16267, Time: 00:25:08

Health: -17/103    AC: 13    Str: 13    XL:     11   Next: 91%
Magic:  11/14      EV: 17    Int: 14    God:    Gozag
Gold:   2297       SH:  0    Dex: 17    Spells: 6/14 levels left

rFire    . . .     SeeInvis .     - Unarmed
rCold    + . .     Faith    .   (shield currently unavailable)
rNeg     + . .     Spirit   .   (armour unavailable)
rPois    +         Reflect  .   (helmet restricted)
rElec    .         Harm     .   c - +2 cloak "Ymaphaze" {Dex+3}
rCorr    .         Rampage  .   (gloves currently unavailable)
MR       .....                  D - +2 pair of boots
Stlth    ++........             (no amulet)
HPRegen  0.27/turn              i - ring of poison resistance
MPRegen  0.14/turn              C - ring of positive energy

@: about to teleport, blade hands, gold aura
A: breathe frost, unfitting armour, hooves 1, cold resistance 1, robust 1,
cold-blooded, AC +7
a: Breathe Frost, End Transformation, Potion Petition, Call Merchant, Bribe
Branch, Renounce Religion


You were on level 11 of the Dungeon.
You worshipped Gozag.
Gozag was most pleased with you.
You had blades for hands.
You visited 2 branches of the dungeon, and saw 12 of its levels.

You collected 2339 gold pieces.
You paid 42 gold pieces to Gozag.

Inventory:

Armour
 c - the +2 cloak "Ymaphaze" (worn) {Dex+3}
   (You found it on level 7 of the Dungeon)

   It affects your dexterity (+3).
 u - a +2 pair of gloves (melded)
 D - a +2 pair of boots (worn)
Jewellery
 i - a ring of poison resistance (left scythe-like blade)
 j - an uncursed ring of wizardry
 n - an uncursed ring of see invisible
 q - an uncursed ring of protection from fire
 t - a +6 ring of strength
 w - an uncursed ring of protection from fire
 C - a ring of positive energy (right scythe-like blade)
Wands
 r - a wand of flame (55)
 v - a wand of disintegration (10)
 B - a wand of paralysis (10)
Scrolls
 a - 2 scrolls of blinking
 b - 5 scrolls of fog
 h - 13 scrolls of teleportation
 k - a scroll of fear
 l - 6 scrolls of identify
 m - 3 scrolls of enchant weapon
 o - a scroll of remove curse
 y - a scroll of enchant armour {unknown}
 z - a scroll of vulnerability
Potions
 d - 2 potions of mutation
 e - 2 potions of might
 f - a potion of berserk rage
 g - 3 potions of brilliance
 p - 2 potions of resistance
 s - 4 potions of curing
 x - 2 potions of cancellation


   Skills:
 + Level 8.1 Fighting
 + Level 7.0 Dodging
 + Level 12.8 Unarmed Combat
 - Level 2.0 Spellcasting
 - Level 10.6 Transmutations


You had 6 spell levels left.
You knew the following spells:

 Your Spells              Type           Power        Failure   Level
c - Spider Form           Tmut/Pois      ###.......   43%         3
d - Blade Hands           Tmut           ####......   43%         5

Your spell library contained the following spells:

 Spells                   Type           Power        Failure   Level
 Beastly Appendage        Tmut           ####..       10%         1
 Wereblood                Tmut           ####....     12%         2
 Magic Dart               Conj           #...         67%         1
 Shock                    Conj/Air       #...         67%         1
 Ice Form                 Ice/Tmut       ###.....     69%         4
 Blink                    Tloc           N/A          77%         2
 Call Imp                 Summ           #.......     77%         2
 Slow                     Hex            #.......     77%         2
 Swiftness                Air            #.......     77%         2
 Conjure Flame            Conj/Fire      #.......     90%         3
 Mephitic Cloud           Conj/Pois/Air  #.......     90%         3
 Static Discharge         Conj/Air       #.......     90%         3
 Airstrike                Air            #.........   99%         4
 Lightning Bolt           Conj/Air       #.........   100%        5


Dungeon Overview and Level Annotations

Branches:
Dungeon (11/15)            Temple (1/1) D:4            Lair (0/6) D:9
    Orc (0/2) D:11

Altars:
Ashenzari
Cheibriados
Dithmenos
Elyvilon
Fedhas
Gozag
Hepliaklqana
Kikubaaqudgha
Makhleb
Nemelex Xobeh
Okawaru
Qazlal
Ru
Sif Muna
Trog
Uskayaw
Vehumet
Wu Jian
Xom
Yredelemnul
Zin
The Shining One

Shops:
D:6 }   D:10 (


Innate Abilities, Weirdness & Mutations

You can breathe waves of freezing cold.
You can buffet flying creatures when you breathe cold.
Your icy white scales are hard. (AC +7)
You cannot fit into any form of body armour.
Your flesh is cold resistant. (rC+)
You are cold-blooded and may be slowed by cold attacks.
You have large cloven feet.
You are robust. (+10% HP)


Message History

You barely miss the centaur warrior.
The centaur warrior is almost dead.
The centaur warrior hits you but does no damage.
The centaur warrior barely misses you.
Unknown command.
You slice the centaur warrior!!
You kill the centaur warrior!
Your Fighting skill increases to level 8!
Your Dodging skill increases to level 7!
The centaur warrior barely misses you. The bullfrog closely misses you.
Unknown command.
The centaur warrior hits you!
* * * LOW HITPOINT WARNING * * *
You see here 4 arrows.
As you read the scroll of teleportation, it crumbles to dust.
You feel strangely unstable. The centaur warrior misses you.
The centaur warrior wields a +0 longbow.
The centaur warrior shoots an arrow.
The arrow hits you!!
You die...
Your body crumbles into a pile of gold.

#.))....# #.#......#.
######.).....# .#<########.
#......))....# ..#.......)..
#............######...#..#####...
#............#........#..# #...
#...........(#........#..# #...
#............#F.o.....#..# #...
#............#c########..# #...
#..............(@........# #...
########.................#####...
#.........................
#.........###########.....
#........(# #..... ###########
#..... #..... #..... #.....


You could see a centaur warrior.

Vanquished Creatures
  Harold (D:11)
  A two-headed ogre (D:10)
  Erica (D:9)
  A centaur warrior (D:11)
  3 skeletal warriors
  A cyclops (D:11)
  An ugly thing (D:11)
  Maurice (D:10)
  A komodo dragon (D:11)
  A wraith (D:11)
  Eustachio (D:6)
  3 wyverns (D:9)
  8 yaks
  4 vampire mosquitoes (D:11)
  2 chaos spawn (D:11)
  A warg (D:11)
  4 water moccasins (D:9)
  A sky beast (D:7)
  2 ice beasts
  7 orc warriors
  A hornet zombie (D:10)
  3 phantoms
  7 ogres
  2 centaurs
  Blork the orc (D:5)
  6 bullfrogs
  2 scorpions (D:9)
  16 killer bees
  9 wights
  3 howler monkeys
  2 jellies (D:11)
  2 centaur zombies
  4 orc priests
  A centaur skeleton (D:8)
  3 gnoll shamans
  8 hounds
  15 orc wizards
  3 bullfrog skeletons
  5 iguanas
  4 worker ants
  Natasha (thrice) (D:4)
  Terence (D:3)
  2 hound skeletons
  A worker ant zombie (D:10)
  15 adders
  42 gnolls
  A shadow imp (D:9)
  2 white imps
  2 ufetubi
  An adder zombie (D:9)
  An adder skeleton (D:8)
  4 worms
  A dart slug (D:2)
  5 leopard geckos
  26 orcs
  4 giant cockroaches
  3 hobgoblins
  26 jackals
  A ball python (D:2)
  9 bats
  6 frilled lizards
  7 goblins
  A jackal zombie (D:3)
  6 kobolds
  A leopard gecko skeleton (D:6)
  A quokka skeleton (D:9)
  5 rats
319 creatures vanquished.

Vanquished Creatures (others)
  6 fungi (D:9)
  32 plants
38 creatures vanquished.

Grand Total: 357 creatures vanquished

Notes
Turn   | Place    | Note
-------+----------+-------------------------------------------
     0 | D:1      | lunkers the Draconian Transmuter began the quest for the
                  | Orb.
     0 | D:1      | Reached XP level 1. HP: 16/16 MP: 3/3
   272 | D:1      | Reached XP level 2. HP: 16/23 MP: 5/5
   877 | D:1      | Reached XP level 3. HP: 24/28 MP: 4/6
  1376 | D:2      | Learned a level 3 spell: Spider Form
  1451 | D:2      | Found a sparkling altar of Nemelex Xobeh.
  1678 | D:2      | Reached skill level 4 in Unarmed Combat
  1973 | D:3      | Reached XP level 4. HP: 35/35 MP: 5/7
  2367 | D:3      | Found a glowing golden altar of the Shining One.
  2376 | D:3      | Reached XP level 5. HP: 35/40 MP: 6/8
  2528 | D:3      | Noticed Terence
  2546 | D:3      | Killed Terence
  3263 | D:4      | Reached skill level 5 in Unarmed Combat
  3396 | D:4      | Noticed Natasha
  3409 | D:4      | Noticed an ogre
  3424 | D:4      | Killed Natasha
  3490 | D:4      | Killed an ogre
  3490 | D:4      | Reached XP level 6. HP: 37/47 MP: 1/9
  3514 | D:4      | Reached skill level 5 in Transmutations
  3678 | D:4      | Found a staircase to the Ecumenical Temple.
  3749 | D:4      | Noticed Natasha
  3763 | D:4      | Killed Natasha
  3763 | D:4      | Reached skill level 6 in Unarmed Combat
  3781 | Temple   | Entered the Ecumenical Temple
  4044 | Temple   | Became a worshipper of Gozag Ym Sagoz the Greedy
  4176 | D:4      | Noticed Natasha
  4182 | D:4      | Killed Natasha
  4182 | D:4      | Your scales start taking on an icy white colour.
  4182 | D:4      | Reached XP level 7. HP: 34/52 MP: 6/10
  4182 | D:4      | Gained mutation: Your flesh is cold resistant. (rC+) [White
                  | Draconian growth]
  4718 | D:4      | Reached skill level 7 in Unarmed Combat
  4945 | D:5      | Entered Level 5 of the Dungeon
  4945 | D:5      | Noticed Blork the orc
  4952 | D:5      | Killed Blork the orc
  5026 | D:5      | Reached XP level 8. HP: 46/59 MP: 11/11
  5112 | D:5      | Found a sacrificial altar of Ru.
  5112 | D:5      | Found a bloodstained altar of Trog.
  5117 | D:5      | Found a radiant altar of Vehumet.
  5728 | D:5      | Found a bloodstained altar of Trog.
  5908 | D:5      | Reached skill level 8 in Unarmed Combat
  6310 | D:5      | Learned a level 5 spell: Blade Hands
  7072 | D:6      | Found Kuoc's Gadget Emporium.
  7211 | D:5      | Reached XP level 9. HP: 35/64 MP: 7/12
  7442 | D:6      | Noticed Eustachio
  7463 | D:6      | Killed Eustachio
  7463 | D:6      | Reached skill level 9 in Unarmed Combat
  7839 | D:6      | Found a shadowy altar of Dithmenos.
  8513 | D:7      | Gained mutation: Your spells are a little harder to cast,
                  | but a little more powerful. [potion of mutation]
  8513 | D:7      | Lost mutation: Your spells are a little harder to cast, but
                  | a little more powerful. [potion of mutation]
  8513 | D:7      | Gained mutation: You have large cloven feet. [potion of
                  | mutation]
  8513 | D:7      | Gained mutation: You are robust. (+10% HP) [potion of
                  | mutation]
  8515 | D:7      | HP: 2/70 [poisoned by a killer bee]
  9017 | D:7      | Got an encrusted cloak
  9023 | D:7      | Identified the +2 cloak "Ymaphaze" {Dex+3} (You found it on
                  | level 7 of the Dungeon)
  9625 | D:8      | Reached skill level 10 in Unarmed Combat
  9902 | D:8      | Reached skill level 10 in Transmutations
 10369 | D:9      | Noticed a skeletal warrior
 10373 | D:9      | Noticed a skeletal warrior
 10376 | D:9      | Noticed a skeletal warrior
 10377 | D:9      | Reached XP level 10. HP: 70/78 MP: 10/13
 10393 | D:8      | Killed a skeletal warrior
 10921 | D:9      | Reached skill level 11 in Unarmed Combat
 11045 | D:9      | Found a white marble altar of Elyvilon.
 11169 | D:9      | Found a staircase to the Lair.
 11956 | D:9      | Found an ornate altar of the Wu Jian Council.
 12081 | D:9      | Noticed Erica
 12087 | D:9      | Killed Erica
 12349 | D:9      | Killed a skeletal warrior
 12349 | D:9      | Reached skill level 5 in Fighting
 12354 | D:9      | Killed a skeletal warrior
 12354 | D:9      | Reached XP level 11. HP: 21/96 MP: 6/14
 12911 | D:10     | Entered Level 10 of the Dungeon
 13095 | D:10     | Noticed a two-headed ogre
 13101 | D:10     | Killed a two-headed ogre
 13101 | D:10     | Reached skill level 5 in Dodging
 13125 | D:10     | Reached skill level 12 in Unarmed Combat
 13568 | D:10     | Noticed Maurice
 13584 | D:10     | Killed Maurice
 14050 | D:10     | Found Evidgh's Antique Weapon Boutique.
 14481 | D:11     | Noticed Harold
 14510 | D:11     | Killed Harold
 15534 | D:11     | Noticed a cyan ugly thing
 15536 | D:11     | Found a shimmering altar of Xom.
 15537 | D:11     | Found the +7 mace of Variability {chain chaos}
 15763 | D:11     | Killed a cyan ugly thing
 15963 | D:11     | Found a staircase to the Orcish Mines.
 16248 | D:11     | Noticed a centaur warrior
 16248 | D:11     | Noticed a centaur warrior
 16264 | D:11     | Killed a centaur warrior
 16267 | D:11     | Shot with an arrow by a centaur warrior

Illustrated notes

Levels and vault maps discovered:
D:1:      minmay_arrival_shattered_statue, layout_rooms, st_stairs_9
D:2:      layout_basic, nemelex_xobeh_ov_fountains_minmay,
          kennysheep_generic_room_16
D:3:      layout_loops_ring, tso_metal_star, uniq_terence
D:4:      layout_basic, minmay_temple_entry_overgrown, uniq_natasha
D:5:      lemuel_castle_with_subvaults [lemuel_castle_interior_carwin_3],
          layout_rooms, chequers_temple_overflow_statue_of_worship, basic_altar,
          uniq_blork_the_orc
D:6:      layout_rooms, nicolae_overflow_hidden_temple, serial_shops,
          nicolae_shop_trees, uniq_eustachio
D:7:      layout_loops_cross, minmay_statues_item, lightli_corner_chamber
D:8:      layout_rooms, minmay_liquid_box
D:9:      layout_basic, lemuel_doored_altar, minmay_lair_entry_grove,
          minivault_27, elyvilon_altar_5, uniq_erica
D:10:     layout_basic, serial_shops, shop_statue,
          hangedman_decor_diamond_cutter, uniq_maurice
D:11:     minmay_shrinking_squares, layout_irregular_city, david_orc_3,
          nicolae_zen_rock_garden, minmay_guarded_unrand_variability,
          uniq_harold
Temple:   regret_index_temple_waves

Skill      XL: |  1  2  3  4  5  6  7  8  9 10 11 |
---------------+----------------------------------+-----
Transmutations | 3 4 5 6 8 10 | 10.6
Unarmed Combat | 4 5 6 7 8 10 11 12 | 12.8
Dodging        | 4 7 |  7.0
Fighting       | 5 8 |  8.1
Spellcasting   | |  2.0

Action                   |  1- 3 |  4- 6 |  7- 9 | 10-12 || total
-------------------------+-------+-------+-------+-------++-------
Melee: Unarmed           |   122 |   122 |   453 |   343 ||  1040
       Kick              |    21 |    11 |    12 |       ||    44
       Tailslap          |     8 |     5 |    14 |    42 ||    69
       Headbutt          |    13 |     7 |       |       ||    20
       Punch             |       |       |     2 |    11 ||    13
 Cast: Beastly Appendage |    27 |    12 |       |       ||    39
       Spider Form       |       |    10 |    54 |       ||    64
       Blade Hands       |       |       |     6 |    49 ||    55
  Use: Scroll            |       |       |    12 |     2 ||    14
       Potion            |       |       |     7 |       ||     7
 Stab: Sleeping          |       |     2 |     1 |       ||     3
       Distracted        |       |       |     2 |     3 ||     5
Armor: Skin              |    47 |    15 |    61 |    83 ||   206
Dodge: Dodged            |   113 |    75 |   391 |   213 ||   792

Table legend: (Time is in decaauts)
 A = Elapsed time spent in this place.
 B = Non-inter-level travel time spent in this place.
 C = Inter-level travel time spent in this place.
 D = Time resting spent in this place.
 E = Time spent auto-exploring this place.
 F = Levels seen in this place.
 G = Mean time per level.
                   A        B        C        D        E       F      G
               +--------+--------+--------+--------+--------+-----+--------+
         Total |  16129 |  15852 |    277 |    894 |  12165 |  12 | 1344.1 |
       Dungeon |  15830 |  15553 |    277 |    894 |  11943 |  11 | 1439.1 |
        Temple |    298 |    298 |      0 |      0 |    222 |   1 |  298.0 |
               +--------+--------+--------+--------+--------+-----+--------+

Top non-repeatable levels by time:
     D:5: 2169 daAuts
     D:9: 1972 daAuts
    D:11: 1881 daAuts
     D:4: 1622 daAuts
     D:7: 1543 daAuts
    D:10: 1425 daAuts
     D:8: 1307 daAuts
     D:1: 1239 daAuts
     D:3: 1060 daAuts
     D:6: 889 daAuts
     D:2: 719 daAuts
  Temple: 298 daAuts
